 Dungeon Crawl Stone Soup version 0.21.1-1-g345015f (webtiles) character file.

341 prawnwizard the Chopper (level 6, 0/49 HPs)
             Began as a Formicid Fighter on July 2, 2018.
             Incinerated by DCrawler215's ghost (5 damage)
             ... with a sticky flame
             ... on level 4 of the Dungeon.
             The game lasted 00:04:39 (3071 turns).

prawnwizard the Chopper (Formicid Fighter)          Turns: 3071, Time: 00:04:39

Health: 0/49       AC:  9    Str: 22    XL:     6   Next: 87%
Magic:  0/15       EV:  8    Int:  8    God:
Gold:   185        SH:  9    Dex: 10    Spells: 5/5 levels left

rFire    . . .     SeeInvis +   g - +0 war axe
rCold    . . .     Gourm    .   c - +0 shield
rNeg     . . .     Faith    .   b - +0 scale mail
rPois    .         Spirit   +   (helmet unavailable)
rElec    .         Reflect  .   p - +1 cloak
rCorr    .         Harm     .   (no gloves)
MR       .....                  (no boots)
Stlth    ..........             l - amulet of guardian spirit
HPRegen  0.16/turn              r - ring of magical power
MPRegen  0.14/turn              (no ring)

@: liquid flames, glowing
A: permanent stasis, dig shafts and tunnels, four strong arms, antennae 3
a: Dig, Shaft Self


You were on level 4 of the Dungeon.
You were not hungry.

You visited 1 branch of the dungeon, and saw 4 of its levels.

You collected 185 gold pieces.

Inventory:

Hand Weapons
 a - a +0 war axe
 g - a +0 war axe (weapon)
Armour
 b - a +0 scale mail (worn)
 c - a +0 shield (worn)
 p - a +1 cloak (worn)
Jewellery
 l - an amulet of guardian spirit (around neck)
 r - a ring of magical power (left hand)
Wands
 t - a wand of flame (24)
Scrolls
 e - 3 scrolls of identify
 h - 4 scrolls of teleportation
 n - a scroll of magic mapping
 o - a scroll of remove curse
 u - a scroll of blinking {unknown}
Potions
 d - 2 potions of might
 i - 4 potions of curing
 j - a potion of berserk rage {unknown}
 k - a potion of flight {unknown}
 m - a potion of brilliance {unknown}
Comestibles
 f - 5 rations


   Skills:
 + Level 4.3 Fighting
 * Level 5.1 Axes
 + Level 4.1 Armour
 + Level 1.1 Stealth
 + Level 4.5 Shields


You had 5 spell levels left.
You didn't know any spells.

Dungeon Overview and Level Annotations

Branches:
Dungeon (4/15)
 Temple: D:4-7

Altars:
Kikubaaqudgha

Annotations:
D:4 DCrawler215's ghost, novice DEFE


Innate Abilities, Weirdness & Mutations

You cannot be hasted, slowed, berserked, paralysed or teleported.
You can dig through walls and to a lower floor.
Your four strong arms can wield two-handed weapons with a shield.
You have a pair of large antennae on your head. (SInv)


Message History

You are covered in liquid flames!
DCrawler215's ghost hits you but does no damage.
You are covered in liquid flames!
* * * LOW HITPOINT WARNING * * *
DCrawler215's ghost hits you.
* * * LOW HITPOINT WARNING * * *
You hit DCrawler215's ghost.
DCrawler215's ghost is lightly damaged.
You are covered in liquid flames!
* * * LOW HITPOINT WARNING * * *
You block DCrawler215's ghost's attack.
You completely miss DCrawler215's ghost.
DCrawler215's ghost is lightly damaged.
You are covered in liquid flames!
* * * LOW HITPOINT WARNING * * *
DCrawler215's ghost hits you but does no damage.
You barely miss DCrawler215's ghost.
DCrawler215's ghost is lightly damaged.
You are covered in liquid flames!
You die...

.....#,,,,,,,*,,,,+,,,,******>,,,
.....##+##,,,*,,,,*....#,,,,*****
.........#,,,*,,,,*....#,,,,,*,,,
.........#,,,######....+,,,,,*,,,
#........#,,,#.........#,,,******
#........#***#.........#**+******
#........#,,,#........%#,,,*,,,,,
#........+,,,#.........#,,,*,,,,,
#........#,,,#..@......+,,,*,,,,,
#........#,,,#...W.....#,,,*,,,,,
#........##+##.........#,,,*,,,,,
#......................#*********
#.......................,,,,,,***
#.............###+#.....,,,,,,*,,
#.......#...#.#,,,+.....,,,,,,*,,
#########._.#.#,,,*.....,,,,,,*,,
,,,,,,,,#...#.+,,,**###.,,,,,,*,,


You could see DCrawler215's ghost.

Vanquished Creatures
  An orc wizard (D:3)
  Crazy Yiuf (D:2)
  Jessica (D:3)
  Terence (D:3)
  Ijyb (D:3)
  Natasha (thrice) (D:3)
  3 gnolls (D:2)
  3 adders
  An ooze (D:1)
  A dart slug (D:1)
  3 leopard geckos
  4 orcs (D:3)
  A ball python (D:3)
  12 bats
  4 giant cockroaches
  8 goblins
  5 hobgoblins
  9 jackals
  4 kobolds (D:1)
  3 quokkas
  A frilled lizard (D:1)
  8 rats
78 creatures vanquished.

Vanquished Creatures (others)
  A human (D:4)
  A fungus (D:2)
2 creatures vanquished.

Grand Total: 80 creatures vanquished

Notes
Turn   | Place    | Note
-------+----------+-------------------------------------------
     0 | D:1      | prawnwizard the Formicid Fighter began the quest for the Orb.
     0 | D:1      | Reached XP level 1. HP: 18/18 MP: 1/1
    30 | D:1      | Reached XP level 2. HP: 6/24 MP: 2/2
   475 | D:1      | Reached XP level 3. HP: 29/29 MP: 3/3
  1501 | D:2      | Reached XP level 4. HP: 24/37 MP: 4/4
  1502 | D:2      | Reached skill level 3 in Axes
  1680 | D:2      | Reached skill level 1 in Stealth
  2006 | D:2      | Found a runed door.
  2155 | D:2      | Noticed Crazy Yiuf
  2161 | D:2      | Killed Crazy Yiuf
  2161 | D:2      | Reached XP level 5. HP: 28/42 MP: 5/5
  2265 | D:3      | Noticed Terence
  2284 | D:3      | Killed Terence
  2329 | D:3      | Reached skill level 4 in Axes
  2416 | D:3      | Noticed Natasha
  2417 | D:3      | Reached XP level 6. HP: 45/48 MP: 6/6
  2423 | D:3      | Killed Natasha
  2561 | D:3      | Noticed Natasha
  2567 | D:3      | Killed Natasha
  2637 | D:3      | Noticed Natasha
  2645 | D:3      | Killed Natasha
  2785 | D:3      | Noticed Ijyb
  2791 | D:3      | Killed Ijyb
  2791 | D:3      | Reached skill level 5 in Axes
  2804 | D:3      | Noticed Jessica
  2811 | D:3      | Killed Jessica
  3040 | D:4      | Found an ancient bone altar of Kikubaaqudgha.
  3046 | D:4      | Noticed a human
  3047 | D:4      | Killed a human
  3057 | D:4      | Noticed DCrawler215's ghost (novice DEFE)
  3071 | D:4      | Incinerated by DCrawler215's ghost

Skill      XL: |  1  2  3  4  5  6 |
---------------+-------------------+-----
Shields        | 4 |  4.5
Axes           | 3 4 5 |  5.1
Stealth        | 1 |  1.1
Fighting       | 4 |  4.3
Armour         | 4 |  4.1

Action                   |  1- 3 |  4- 6 || total
-------------------------+-------+-------++-------
Melee: War axe           |   132 |   149 ||   281
  Use: Scroll            |       |     4 ||     4
  Eat: Chunk             |     2 |     5 ||     7
Armor: Scale mail        |    81 |    73 ||   154
Dodge: Dodged            |    72 |    62 ||   134
Block: Shield            |    98 |    87 ||   185
